 Seeded DCSS version 0.30-a0-393-g54b8e3be05 (webtiles) character file.

Game seed: 4322440795064076972 (custom seed)

9 innerfire433 the Sneak (level 2, -6/24 HPs)
             Began as a Demonspawn Delver on Dec 5, 2022.
             Mangled by an iguana (10 damage)
             ... on level 5 of the Dungeon.
             The game lasted 00:00:32 (156 turns).

innerfire433 the Sneak (Demonspawn Delver)           Turns: 156, Time: 00:00:32

Health: -6/24      AC:  3    Str: 12    XL:     2   Next: 3%
Magic:  2/2        EV: 12    Int: 11    God:
Gold:   0          SH:  0    Dex: 16    Spells: 1/1 levels left

rFire   . . .      SeeInvis .    a - +0 falchion
rCold   . . .      Faith    .    (no shield)
rNeg    . . .      Spirit   .    b - +0 leather armour
rPois   .          Reflect  .    (no helmet)
rElec   .          Harm     .    (no cloak)
rCorr   .          Rampage  .    (no gloves)
Will    .....                    (no boots)
Stlth   ++++......               (no amulet)
HPRegen 0.24/turn                (no ring)
MPRegen 0.08/turn                (no ring)

@: no status effects
A: thin skeletal structure 1
a: no special abilities


You were on level 5 of the Dungeon.
You visited 1 branch of the dungeon, and saw 1 of its levels.

Inventory:

Hand Weapons
 a - a +0 falchion (weapon)
Armour
 b - a +0 leather armour (worn)
Wands
 g - a wand of digging (3)
Scrolls
 c - a scroll of fog
 d - a scroll of magic mapping
 e - a scroll of fear
Potions
 f - a potion of haste


   Skills:
 + Level 3.1 Fighting
 + Level 2.0 Long Blades
 + Level 2.0 Dodging
 - Level 4.6 Stealth


You had one spell level left.
You didn't know any spells.
Your spell library was empty.

Dungeon Overview and Level Annotations

Branches:
Dungeon (5/15)
 Temple: D:4-7

Altars:


Innate Abilities, Weirdness & Mutations

You have a somewhat thin skeletal structure. (Dex +2, Stealth+)


Message History

You have reached level 2!
Your demonic ancestry asserts itself...
Your bones become slightly less dense.
HP restored.
You see here an adder corpse.
Found a flail.
An iguana comes into view.
An iguana is nearby!
Found a stone staircase leading up.
The helpless iguana fails to defend itself.
You hit the iguana.
The iguana is lightly wounded.
The iguana closely misses you.
You hit the iguana.
The iguana is lightly wounded.
The iguana bites you but does no damage.
You hit the iguana.
The iguana is moderately wounded.
The iguana barely misses you.
You barely miss the iguana.
The iguana is moderately wounded.
The iguana bites you! The iguana closely misses you.
You hit the iguana but do no damage.
The iguana is moderately wounded.
The iguana bites you.
You are too injured to fight recklessly!
You are too injured to fight recklessly!
You are too injured to fight recklessly!
You are too injured to fight recklessly!
You closely miss the iguana.
The iguana is moderately wounded.
The iguana bites you.
You barely miss the iguana.
The iguana is moderately wounded.
The iguana bites you.
* * * LOW HITPOINT WARNING * * *
You closely miss the iguana.
The iguana is moderately wounded.
The iguana bites you!
You die...

###### ...... ......#
....... #.## ##
......l#####^.# #.
.......@<#.#..# #.
#.#..#.#.#.##.#########.
##.#.#.#..........#...
...................#.#.
....#.#.#.#.....#..#.#.
......)............†...
..##.###.......##.#...
... #. ###.######..... .
. #.. ......


You could see an iguana.

Vanquished Creatures
  An adder (D:5)
1 creature vanquished.

Notes
Turn   | Place    | Note
-------+----------+-------------------------------------------
     0 | D:5      | innerfire433 the Demonspawn Delver began the quest for the
                  | Orb.
     0 | D:5      | Reached XP level 1. HP: 18/18 MP: 1/1
    53 | D:5      | Gained mutation: You have a somewhat thin skeletal
                  | structure. (Dex +2, Stealth+) [demonic ancestry]
    53 | D:5      | Reached XP level 2. HP: 4/24 MP: 2/2
   156 | D:5      | Mangled by an iguana

Illustrated notes

Levels and vault maps discovered:
D:5:      layout_basic, nemelex_xobeh_ov_fountains_minmay,
          nicolae_overflow_squiral, serial_shops, nicolae_shop_trees

Skill      XL: |  1 |
---------------+----+-----
Long Blades    | 2 |  2.0
Dodging        | 2 |  2.0
Fighting       | |  3.1
Stealth        | |  4.6

Action                   || total
-------------------------++-------
Melee: Falchion          ||    19
       Punch             ||     1
 Stab: Sleeping          ||     2
Armor: Leather armour    ||     5
Dodge: Dodged            ||     8

Table legend: (Time is in decaauts)
 A = Elapsed time spent in this place.
 B = Non-inter-level travel time spent in this place.
 C = Inter-level travel time spent in this place.
 D = Time resting spent in this place.
 E = Time spent auto-exploring this place.
 F = Levels seen in this place.
 G = Mean time per level.
                   A        B        C        D        E       F      G
               +--------+--------+--------+--------+--------+-----+--------+
         Total |    159 |    159 |      0 |      0 |     90 |   1 |  159.0 |
       Dungeon |    159 |    159 |      0 |      0 |     90 |   1 |  159.0 |
               +--------+--------+--------+--------+--------+-----+--------+

Top non-repeatable levels by time:
     D:5: 159 daAuts
